 Dungeon Crawl Stone Soup version 0.28.0-53-g5a82cb258f (webtiles) character file.

Game seed: 6968956126412453123

1372 Peloso the Carver (level 8, 0/70 HPs)
             Began as a Minotaur Fighter on July 28, 2022.
             Was a Follower of Okawaru.
             Slain by a vampire mosquito (2 damage)
             ... on level 6 of the Dungeon.
             The game lasted 00:09:39 (6381 turns).

Peloso the Carver (Minotaur Fighter)                Turns: 6381, Time: 00:09:39

Health: 0/70       AC: 12    Str: 20    XL:     8   Next: 38%
Magic:  5/7        EV: 10    Int:  5    God:    Okawaru [*.....]
Gold:   374        SH:  6    Dex: 13    Spells: 7/7 levels left

rFire   . . .      SeeInvis .   a - +0 long sword
rCold   + . .      Faith    .   c - +0 buckler
rNeg    . . .      Spirit   .   n - +0 chain mail
rPois   .          Reflect  .   (helmet restricted)
rElec   .          Harm     .   (no cloak)
rCorr   .          Rampage  .   (no gloves)
Will    .....                   (no boots)
Stlth   ..........              (no amulet)
HPRegen 0.21/turn               i - ring of protection from cold
MPRegen 0.10/turn               (no ring)

@: heroic, flying
A: horns 2, retaliatory headbutt
a: Renounce Religion, Heroism


You were on level 6 of the Dungeon.
You worshipped Okawaru.
Okawaru was aware of your devotion.
You visited 2 branches of the dungeon, and saw 8 of its levels.

You collected 374 gold pieces.

Inventory:

Hand Weapons
 a - a +0 long sword (weapon)
 b - a +0 dagger of flaming
Armour
 c - a +0 buckler (worn)
 g - a +0 scale mail
 n - a +0 chain mail (worn)
Jewellery
 i - a ring of protection from cold (left hand)
 x - a ring of wizardry
Wands
 y - a wand of polymorph (8)
Scrolls
 e - 2 scrolls of fog
 f - a scroll of magic mapping {unknown}
 k - a scroll of enchant weapon {unknown}
 l - a scroll of blinking {unknown}
 m - a scroll of amnesia {unknown}
 o - a scroll of enchant armour {unknown}
 p - a scroll of vulnerability {unknown}
 q - 2 scrolls of teleportation {unknown}
 v - a scroll of noise {unknown}
 w - a scroll of immolation {unknown}
Potions
 d - 2 potions of might
 h - a potion of flight
 j - 2 potions of heal wounds
 r - a potion of invisibility
 s - a potion of mutation
 u - a potion of curing
 z - a potion of magic {unknown}


   Skills:
 + Level 6.1(11.1) Fighting
 + Level 8.1(13.1) Long Blades
 + Level 7.4(12.4) Armour
 + Level 2.3(7.3) Dodging
 + Level 0.7(5.7) Stealth
 + Level 5.2(10.2) Shields
 + Level 0.1 Invocations


You had 7 spell levels left.
You didn't know any spells.
Your spell library contained the following spells:

 Spells                   Type           Power      Damage    Failure   Level
 Foxfire                  Conj/Fire      0%         2x1d4     99%         1
 Static Discharge         Conj/Air       0%         N/A       99%         2
 Conjure Flame            Conj/Fire      0%         6-21      100%        3
 Inner Flame              Hex/Fire       0%         N/A       100%        3
 Flame Wave               Conj/Fire      0%         2d4       100%        4
 Lightning Bolt           Conj/Air       0%         1d11      100%        5
 Maxwell's Capacitive Co  Air            0%         ∞         100%        8


Dungeon Overview and Level Annotations

Branches:
Dungeon (7/15)             Temple (1/1) D:5

Altars:
Cheibriados
Dithmenos
Elyvilon
Fedhas
Gozag
Hepliaklqana
Kikubaaqudgha
Makhleb
Nemelex Xobeh
Okawaru
Qazlal
Ru
Sif Muna
Trog
Vehumet
Wu Jian
Xom
Yredelemnul
Zin
The Shining One

Shops:
D:5 (


Innate Abilities, Weirdness & Mutations

You have a pair of horns on your head.
You reflexively headbutt those who attack you in melee.


Message History

You fail to use your ability.
The vampire mosquito barely misses you. You furiously retaliate!
You headbutt the vampire mosquito, but do no damage.
The vampire mosquito bites you.
The vampire mosquito draws strength from your injuries!
The vampire mosquito barely misses you.
You gain the combat prowess of a mighty hero.
The vampire mosquito bites you but does no damage.
The vampire mosquito closely misses you.
The vampire mosquito bites you but does no damage.
You slash the vampire mosquito!
Your headbutt misses the vampire mosquito.
The vampire mosquito is moderately damaged.
The vampire mosquito bites you!
* * * LOW HITPOINT WARNING * * *
The vampire mosquito draws strength from your injuries!
You block the vampire mosquito's attack.
The vampire mosquito bites you but does no damage.
The vampire mosquito completely misses you.
You slash the vampire mosquito!
The vampire mosquito is heavily damaged.
The vampire mosquito bites you!
* * * LOW HITPOINT WARNING * * *
The vampire mosquito draws strength from your injuries!
The vampire mosquito barely misses you. You furiously retaliate!
You headbutt the vampire mosquito. You miss the vampire mosquito.
The vampire mosquito is heavily damaged.
The vampire mosquito bites you.
* * * LOW HITPOINT WARNING * * *
The vampire mosquito draws strength from your injuries!
The vampire mosquito bites you!
* * * LOW HITPOINT WARNING * * *
The vampire mosquito draws strength from your injuries!
The vampire mosquito bites you but does no damage. x2
You feel very buoyant.
You fly up into the air.
The vampire mosquito bites you but does no damage.
The vampire mosquito bites you.
You die...

## #...........#####..........#
.# #...........#...........##.#
.# #...........#...........##.#
.# #...........#...........##.#
.# #...........#...........##.#
.# #...........#...........##.#
'###...........#[..........##.#
...#####)#######...........##.#
...'....)).....y@..........##.#
....#####.#####.y..........##.#
'##..###...# #.............#.#
.........#.#
#.............#.###
#######..#.#
#..#####........... # ###
#.##.## #..# #..#...♣...#
#######.##..# #..# #.....♣.♣...
'.._..+.###.###..# #....♣.♣.♣..
###.###..........# ##(.♣.♣.♣.♣.


You could see 2 vampire mosquitoes.

Vanquished Creatures
  2 water moccasins
  2 sky beasts (D:6)
  An ogre (D:6)
  A necrophage (D:6)
  A centaur (D:6)
  A scorpion (D:5)
  A water moccasin skeleton (D:5)
  An iron imp (D:4)
  A jelly (D:5)
  An orc priest (D:6)
  2 hounds
  A gnoll shaman (D:4)
  3 iguanas
  3 orc wizards
  A hound skeleton (D:4)
  A howler monkey zombie (D:6)
  2 howler monkey skeletons
  6 adders
  5 gnolls
  A shadow imp (D:5)
  An ufetubus (D:5)
  3 dart slugs
  13 orcs
  8 ball pythons
  5 endoplasms
  2 giant cockroaches (D:1)
  7 goblins
  7 hobgoblins
  10 jackals
  6 kobolds
  5 quokkas
  7 bats
  5 frilled lizards
  7 rats
123 creatures vanquished.

Notes
Turn   | Place    | Note
-------+----------+-------------------------------------------
     0 | D:1      | Peloso the Minotaur Fighter began the quest for the Orb.
     0 | D:1      | Reached XP level 1. HP: 19/19 MP: 0/0
   246 | D:1      | Reached XP level 2. HP: 27/27 MP: 1/1
   424 | D:1      | Reached skill level 3 in Long Blades
   456 | D:1      | Reached XP level 3. HP: 32/33 MP: 2/2
  1245 | D:2      | Reached XP level 4. HP: 40/40 MP: 3/3
  1982 | D:3      | Found a shimmering blue altar of Sif Muna.
  2263 | D:4      | Reached skill level 4 in Long Blades
  2414 | D:4      | Reached XP level 5. HP: 40/46 MP: 4/4
  2433 | D:4      | Reached skill level 5 in Armour
  2695 | D:4      | Noticed a water moccasin
  2713 | D:4      | Killed a water moccasin
  2714 | D:4      | Reached skill level 5 in Long Blades
  2714 | D:4      | Reached skill level 1 in Dodging
  2714 | D:4      | Reached XP level 6. HP: 29/53 MP: 5/5
  2922 | D:4      | Found a glowing silver altar of Zin.
  3167 | D:4      | Found a shadowy altar of Dithmenos.
  3194 | D:4      | Found a snail-covered altar of Cheibriados.
  3302 | D:5      | Entered Level 5 of the Dungeon
  3540 | D:5      | Found a hazy altar of Hepliaklqana.
  3560 | D:5      | Reached skill level 5 in Fighting
  3641 | D:5      | Found Paong's Antique Weapon Shoppe.
  3808 | D:5      | Reached XP level 7. HP: 36/61 MP: 6/6
  4019 | D:5      | Reached skill level 6 in Long Blades
  4163 | D:5      | Found a staircase to the Ecumenical Temple.
  4175 | Temple   | Entered the Ecumenical Temple
  4458 | D:5      | Found an ornate altar of the Wu Jian Council.
  4570 | D:6      | Found an iron altar of Okawaru.
  4592 | D:6      | Became a worshipper of Warmaster Okawaru
  4707 | D:6      | Reached skill level 7 in Long Blades
  4918 | D:6      | Reached XP level 8. HP: 69/70 MP: 7/7
  4958 | D:6      | Reached * piety under Okawaru
  5082 | D:6      | Found a radiant altar of Vehumet.
  5095 | D:6      | Reached skill level 5 in Shields
  5629 | D:6      | HP: 1/70 [ogre/+0 giant spiked club (19)]
  5632 | D:6      | Reached skill level 8 in Long Blades
  6380 | D:6      | HP: 2/70 [vampire mosquito (9)]
  6381 | D:6      | Slain by a vampire mosquito

Illustrated notes

Levels and vault maps discovered:
D:1:      dpeg_arrival_boxes_within_box, layout_loops_ring, minmay_distorted
D:2:      layout_rooms
D:3:      layout_basic, marbit_many_paths, grunt_ministairs_15,
          minmay_misc_feat_iff
D:4:      layout_loops_ring, grunt_dithmenos_smoke,
          lemuel_coloured_pillars_altar, slow_altar_2
D:5:      layout_cave_pools, kennysheep_mini, amcnicky_altar_gilded,
          minmay_temple_entry_mini_moons, serial_shops,
          nicolae_shop_hallway_plus, serial_park_tiny_1
D:6:      layout_basic, lemuel_doored_altar, okawaru_trees_2
D:7:      layout_cave_pools, nicolae_overflow_crystal_walls, serial_gnoll_camp,
          gnoll_camp_mini_loothouse, gnoll_camp_mini_shop, gnoll_camp_mini_hut,
          gnoll_camp_mini_basic
Temple:   minmay_temple_bridge_abc

Skill      XL: |  1  2  3  4  5  6  7  8 |
---------------+-------------------------+-----
Armour         | 4 5 6 7 |  7.4
Long Blades    | 3 4 5 7 8 |  8.1
Shields        | 4 5 |  5.2
Fighting       | 4 5 6 |  6.1
Dodging        | 1 2 |  2.3
Stealth        | |  0.7
Invocations    | |  0.1

Action                   |  1- 3 |  4- 6 |  7- 9 || total
-------------------------+-------+-------+-------++-------
Melee: Long sword        |   118 |   132 |   130 ||   380
       Headbutt          |    12 |    18 |    20 ||    50
Invok: Heroism           |       |       |     3 ||     3
  Use: Scroll            |       |     4 |     3 ||     7
       Potion            |       |     2 |     2 ||     4
Armor: Scale mail        |    64 |    37 |       ||   101
       Chain mail        |       |    24 |    82 ||   106
Dodge: Dodged            |    60 |    59 |    47 ||   166
Block: Buckler           |    29 |    25 |    34 ||    88
